 Dungeon Crawl Stone Soup version 0.20.1-1-g8b1a95d (webtiles) character file.

100 Merkmirnix the Chopper (level 4, -11/61 HPs)
             Began as a Minotaur Berserker on Aug 23, 2017.
             Was a Believer of Trog.
             Mangled by a gnoll
             ... wielding a +0 flail of draining
              (15 damage)
             ... on level 2 of the Dungeon.
             The game lasted 00:06:01 (1701 turns).

Merkmirnix the Chopper (Minotaur Berserker)         Turns: 1701, Time: 00:06:02

Health: -11/61     AC:  3    Str: 28    XL:     4   Next: 46%
Magic:  3/3        EV: 15    Int:  4    God:    Trog [**....]
Gold:   84         SH:  0    Dex:  9    Spells: 3/3 levels left

rFire    . . .     SeeInvis .   a - +0 hand axe
rCold    . . .     Gourm    .   (no shield)
rNeg     . . .     Faith    .   b - +0 animal skin
rPois    .         Spirit   .   (helmet restricted)
rElec    .         Reflect  .   (no cloak)
rCorr    .         Harm     .   f - +0 pair of gloves
MR       .....                  (no boots)
Stlth    ..........             (no amulet)
Regen    0.2/turn               l - +3 ring of evasion
MPRegen  0.1/turn               (no ring)

@: berserking, drained, very quick
A: retaliatory headbutt, horns 2
a: Berserk, Trog's Hand, Burn Spellbooks, Renounce Religion


You were on level 2 of the Dungeon.
You worshipped Trog.
Trog was pleased with you.
You were not hungry.

You visited 1 branch of the dungeon, and saw 2 of its levels.

You collected 84 gold pieces.

Inventory:

Hand Weapons
 a - a +0 hand axe (weapon)
Armour
 b - a +0 animal skin (worn)
 f - a +0 pair of gloves (worn)
Jewellery
 g - an uncursed ring of protection from fire
 l - a +3 ring of evasion (left hand)
 p - an uncursed ring of flight {unknown}
Scrolls
 j - 4 scrolls of identify
 n - a scroll of enchant armour {unknown}
 o - a scroll of enchant weapon {unknown}
 r - a scroll of remove curse {unknown}
Potions
 e - a potion of curing {unknown}
 i - a potion of lignification {unknown}
 m - a potion of degeneration {unknown}
 s - a potion of heal wounds {unknown}
Comestibles
 c - 2 bread rations
 d - a royal jelly
 h - 5 chunks of flesh
 k - 4 meat rations
 q - 2 inedible chunks of flesh


   Skills:
 + Level 4.7(4.2) Fighting
 + Level 5.0(4.5) Axes
 + Level 2.5(1.9) Armour
 + Level 2.9(2.4) Dodging


You had 3 spell levels left.
You didn't know any spells.

Dungeon Overview and Level Annotations

Branches:
Dungeon (2/15)

Altars:


Innate Abilities, Weirdness & Mutations

You reflexively headbutt those who attack you in melee.
You have a pair of horns on your head.


Message History

The gnoll is moderately wounded.
You closely miss the gnoll. The gnoll closely misses you.
The gnoll hits you with a flail of draining!
You feel drained. The gnoll hits you but does no damage.
You barely miss the gnoll.
The gnoll is moderately wounded.
You hit the gnoll.
You kill the gnoll!
Trog accepts your kill.
The gnoll hits you with a flail of draining.
* * * LOW HITPOINT WARNING * * *
You feel drained.
* * * LOW HITPOINT WARNING * * *
The gnoll hits you from afar with a halberd.
* * * LOW HITPOINT WARNING * * *
A red film seems to cover your vision as you go berserk!
You feel yourself moving faster!
You feel mighty!
You feel quite a bit more hungry.
The gnoll hits you with a flail of draining!
You die...

.# .# ..... . #####
##+## .. ##...## ... #
##.....## .... ##
##.......## ..%..
.####.........####S..##
....'.........'.@gg...#
.####.........##)(.....#
## ##.......###.##..#.#
# ##.....## #.# .#
##...## #.# # ##+## #.#
#.# #.# #.# #.# ##.##


You could see 2 gnolls and an adder.

Vanquished Creatures
  2 adders (D:2)
  A gnoll (D:2)
  2 oozes
  2 worms (D:2)
  3 dart slugs (D:2)
  A leopard gecko (D:2)
  A ball python (D:2)
  3 bats
  9 hobgoblins
  7 jackals (D:2)
  7 kobolds
  2 frilled lizards (D:2)
  5 goblins
  6 rats
51 creatures vanquished.

Notes
Turn   | Place    | Note
-------+----------+-------------------------------------------
     0 | D:1      | Merkmirnix the Minotaur Berserker began the quest for the Orb.
     0 | D:1      | Reached XP level 1. HP: 19/19 MP: 0/0
    99 | D:1      | Reached XP level 2. HP: 8/27 MP: 1/1
   345 | D:1      | Reached skill level 4 in Axes
   644 | D:2      | Reached XP level 3. HP: 22/33 MP: 2/2
   746 | D:2      | Reached ** piety under Trog
  1281 | D:2      | Reached XP level 4. HP: 41/41 MP: 3/3
  1449 | D:2      | Reached skill level 5 in Axes
  1701 | D:2      | Mangled by a gnoll

Skill      XL: |  1  2  3  4 |
---------------+-------------+-----
Fighting       | 4 |  4.7
Axes           | 4 5 |  5.0
Armour         | |  2.5
Dodging        | |  2.9

Action                   |  1- 3 |  4- 6 || total
-------------------------+-------+-------++-------
Melee: Hand axe          |    87 |    28 ||   115
       Headbutt          |     7 |     4 ||    11
Invok: Berserk           |       |     1 ||     1
  Use: Scroll            |     2 |       ||     2
  Eat: Chunk             |     1 |     2 ||     3
Armor: Animal skin       |    20 |     2 ||    22
Dodge: Dodged            |    67 |    24 ||    91
